 Dungeon Crawl Stone Soup version 0.20-a0-642-g4ff03ff (webtiles) character file.

18 Jackolantern the Sneak (level 2, 17/18 HPs)
             Began as a Kobold Assassin on Feb 14, 2017.
             Got out of the dungeon alive.
             The game lasted 00:02:53 (972 turns).

Jackolantern the Sneak (Kobold Assassin)             Turns: 972, Time: 00:02:53

Health: 17/18      AC:  3    Str:  8    XL:     2   Next: 90%
Magic:  2/2        EV: 14    Int: 12    God:
Gold:   8          SH:  0    Dex: 16    Spells: 1/1 levels left

rFire    . . .     SeeInvis .   a - +2 dagger
rCold    . . .     Gourm    .   c - +0 robe
rNeg     . . .     Faith    .   (shield restricted)
rPois    .         Spirit   .   (no helmet)
rElec    .         Reflect  .   d - +0 cloak
rCorr    .         Harm     .   (no gloves)
MR       .....                  (no boots)
Stlth    +++.......             m - amulet of inaccuracy (curse)
Regen    0.1/turn               (no ring)
MPRegen  0.1/turn               (no ring)

@: no status effects
A: carnivore 3
a: no special abilities


You escaped.
You were very full.

You visited 1 branch of the dungeon, and saw 1 of its levels.

You collected 8 gold pieces.

Inventory:

Hand Weapons
 a - a +2 dagger (weapon)
 b - a +0 blowgun
Missiles
 e - 8 poisoned needles
 f - 2 curare-tipped needles
Armour
 c - a +0 robe (worn)
 d - a +0 cloak (worn)
Jewellery
 m - a cursed amulet of inaccuracy (around neck)
 n - an uncursed ring of protection from magic {unknown}
Scrolls
 h - a scroll of teleportation
 i - 2 scrolls of identify {unknown}
 j - a scroll of remove curse {unknown}
 k - a scroll of enchant weapon {unknown}
Potions
 l - a potion of heal wounds {unknown}
Comestibles
 g - 2 meat rations


   Skills:
 + Level 2.3 Fighting
 + Level 2.9 Short Blades
 + Level 2.2 Throwing
 + Level 1.3 Dodging
 + Level 6.1 Stealth


You had one spell level left.
You didn't know any spells.

Dungeon Overview and Level Annotations

Branches:
Dungeon (1/15)

Altars:


Innate Abilities, Weirdness & Mutations

You are small and have problems with some larger weapons.
You are carnivorous and can eat meat at any time.


Message History

The bat hits you but does no damage. The bat closely misses you.
The bat hits you but does no damage. The bat hits you but does no damage.
The bat closely misses you. The bat closely misses you.
The bat closely misses you. The bat closely misses you.
The bat closely misses you. x2
The bat barely misses you. x2
The bat completely misses you. The bat hits you. The bat barely misses you.
The bat misses you. The bat misses you. x2
The bat barely misses you.
There is a staircase leading out of the dungeon here.
Are you sure you want to leave the Dungeon?
This will make you lose the game!
Alright, then stay!
Are you sure you want to leave the Dungeon?
This will make you lose the game!
The bat misses you. x2; The bat hits you but does no damage.
You have escaped!

...# #.................# ...#
#...#########.....#
...######.................#
###
...#.......#####'#####.####
#.. ...#......##.........#.#
#.# ...#......##.........#.#
#.# ...'.......#..⌠...⌠..#.#
#.# ####.....#.#.........#.#
#.# #
#.....#.'....@....'.########.#
#
#.....###....b....#.........>.
# #.....#
#..⌠...⌠..##.###.##... #
#.....# #.........##..##.##...
# #######
#.........###.##......
#####'##### #.######.) #.#
#..# #.. ##########
#.########.## #.. #........#
#...........# #..


You could see a bat.

Vanquished Creatures
  A dart slug (D:1)
  2 goblins (D:1)
  3 hobgoblins (D:1)
  7 bats (D:1)
  A frilled lizard (D:1)
  3 rats (D:1)
17 creatures vanquished.

Notes
Turn   | Place    | Note
-------+----------+-------------------------------------------
     0 | D:1      | Jackolantern the Kobold Assassin began the quest for the Orb.
     0 | D:1      | Reached XP level 1. HP: 12/12 MP: 1/1
   216 | D:1      | Reached XP level 2. HP: 12/17 MP: 2/2
   307 | D:1      | Reached skill level 6 in Stealth
   972 | D:$      | Got out of the dungeon alive.

Vault maps used:
D:1:      mushboom_english_gardens, roderic_roman_lattice

Skill      XL: |  1  2 |
---------------+-------+-----
Stealth        | 6 |  6.1
Fighting       | |  2.3
Short Blades   | |  2.9
Throwing       | |  2.2
Dodging        | |  1.3

Action                   || total
-------------------------++-------
Melee: Dagger            ||    74
  Use: Scroll            ||     1
       Potion            ||     1
 Stab: Sleeping          ||     5
  Eat: Chunk             ||     8
Armor: Robe              ||    40
Dodge: Dodged            ||   128
